 Dungeon Crawl Stone Soup version 0.22-a0-259-gdd11e71 (webtiles) character file.

180811 Amnesiac the Acrobat (level 17, -15/96 HPs)
             Began as a Spriggan Fighter on Mar 5, 2018.
             Was a High Priest of Okawaru.
             Shot with an arrow by a deep elf master archer (26 damage)
             ... on level 3 of the Elven Halls.
             The game lasted 01:27:38 (38112 turns).

Amnesiac the Acrobat (Spriggan Fighter)            Turns: 38112, Time: 01:27:38

Health: -15/96     AC: 17    Str: 17    XL:     17   Next: 65%
Magic:  0/24       EV: 30    Int: 11    God:    Okawaru [*****.]
Gold:   473        SH:  9    Dex: 16    Spells: 12/16 levels left

rFire    + . .     SeeInvis +   a - +2 demon blade (drain)
rCold    + . .     Gourm    .   C - +1 buckler {reflect}
rNeg     . . .     Faith    .   R - +0 ice dragon scales
rPois    .         Spirit   +   U - +2 hat
rElec    .         Reflect  +   K - +1 cloak
rCorr    .         Harm     .   (gloves unavailable)
MR       ++...     Clarity  +   (boots unavailable)
Stlth    ..........             y - amulet of guardian spirit
HPRegen  0.00/turn              T - ring of fire
MPRegen  0.19/turn              J - ring of protection from fire

@: very slightly contaminated, very quick
A: very small, unfitting armour, see invisible, clarity, herbivore, speed 3,
inhibited regeneration, slow metabolism 2
a: Heroism, Finesse, Renounce Religion


You were on level 3 of the Elven Halls.
You worshipped Okawaru.
Okawaru was extremely pleased with you.
You were not hungry.

You visited 5 branches of the dungeon, and saw 24 of its levels.
You also visited: Sewer.

You collected 3254 gold pieces.
You spent 2781 gold pieces at shops.

Inventory:

Hand Weapons
 a - a +2 demon blade of draining (weapon)
 b - a +0 blowgun
 I - a +2 demon blade of flaming
Missiles
 i - 11 curare-tipped needles
 j - 149 poisoned needles
 o - 2 needles of sleeping
 L - 6 needles of confusion
 M - 3 throwing nets (quivered)
Armour
 w - +0 fire dragon scales
 C - a +1 buckler of reflection (worn)
 K - a +1 cloak (worn)
 R - +0 ice dragon scales (worn)
 U - a +2 hat (worn)
Jewellery
 x - an uncursed ring of resist corrosion
 y - an amulet of guardian spirit (around neck)
 B - an uncursed ring of flight
 J - a ring of protection from fire (right hand)
 T - a ring of fire (left hand)
 Y - an uncursed ring of magical power
Wands
 c - a wand of digging (13)
 l - a wand of iceblast (18)
 n - a wand of scattershot (4)
 N - a wand of enslavement (14)
 Q - a wand of paralysis (30)
 Z - a wand of disintegration (16)
Scrolls
 d - 7 scrolls of enchant weapon {!r}
 e - 5 scrolls of enchant armour {!r}
 g - 7 scrolls of identify {!r}
 h - 8 scrolls of blinking {!r}
 t - 11 scrolls of teleportation {!r}
 z - a scroll of fog {!r}
 F - 4 scrolls of fear {!r}
 O - 7 scrolls of remove curse {!r}
 V - 4 scrolls of magic mapping {!r}
 X - a scroll of silence {!r}
Potions
 k - a potion of heal wounds {!q}
 m - 4 potions of agility {!q}
 p - 3 potions of invisibility {!q}
 q - 7 potions of curing {!q}
 r - 2 potions of flight {!q}
 s - 5 potions of berserk rage {!q}
 u - a potion of brilliance {!q, unknown}
 v - a potion of magic {!q}
 A - a potion of mutation {!q}
 D - a potion of lignification {!q}
 E - 8 potions of haste {!q}
 G - a potion of cancellation {!q}
 P - 4 potions of might {!q}
Miscellaneous
 H - a lightning rod (4/4)
Comestibles
 f - 18 rations


   Skills:
 + Level 13.9 Fighting
 - Level 14.0 Long Blades
 + Level 9.8 Armour
 + Level 21.6 Dodging
 - Level 7.2 Shields
 - Level 8.0 Invocations
 - Level 8.0 Evocations


You had 12 spell levels left.
You knew the following spells:

 Your Spells              Type           Power        Failure   Level  Hunger
e - Confuse               Hex            #.......     98%         3    ####...
z - Confusing Touch       Hex            #.....       75%         1    ##.....


Dungeon Overview and Level Annotations

Branches:
Dungeon (15/15)            Temple (1/1) D:4            Lair (0/6) D:11
    Orc (2/2) D:10            Elf (3/3) Orc:2        Vaults (0/5) D:13
 Depths (3/5) D:15

Altars:
Ashenzari
Cheibriados
Dithmenos
Elyvilon
Fedhas
Gozag
Hepliaklqana
Kikubaaqudgha
Makhleb
Nemelex Xobeh
Okawaru
Qazlal
Ru
Sif Muna
Trog
Uskayaw
Vehumet
Wu Jian
Xom
Yredelemnul
Zin
The Shining One

Shops:
D:4 (   D:5 [   D:8 :   D:12 !   D:15 [   Orc:1 !%[   Orc:2 ![[   Elf:2 }(*?*

Portals:
Hell: Depths:1 Depths:2

Annotations:
D:10 Amnesiac's ghost, novice SpFi
Elf:2 3 runed doors
Elf:3 exclusion: Roxanne, Roxanne
Depths:1 Mara
Depths:2 exclusion: downstairs
Depths:3 Boris


Innate Abilities, Weirdness & Mutations

You are very small and have problems with some larger weapons.
You are too small for most types of armour.
You have supernaturally acute eyesight. (SInv)
You are a herbivore.
You cover ground extremely quickly.
You need to consume almost no food.
You possess an exceptional clarity of mind.
You do not regenerate when monsters are visible.


Message History

The deep elf master archer shoots an arrow.
The arrow hits you!!
* * * LOW HITPOINT WARNING * * *
The ynoxinul gestures.
The ufetubus barely misses you.
You riposte.
You hit the ufetubus.
The ufetubus is heavily wounded.
You block the ufetubus's attack.
The deep elf master archer shoots an arrow.
The arrow completely misses you.
The arrow closely misses the deep elf mage.
The arrow hits the ufetubus!!!
The ufetubus dies!
Really quaff
k - 3 potions of heal wounds {!q}?
You feel much better. The ufetubus closely misses you.
You block the ufetubus's attack. The ufetubus closely misses you.
You riposte.
You hit the ufetubus.
The ufetubus is almost dead.
The ufetubus closely misses you.
The deep elf master archer shoots an arrow.
The arrow barely misses you.
The arrow hits the deep elf mage!!
The deep elf mage dies!
The ynoxinul disappears in a puff of smoke!
The ufetubus disappears in a puff of smoke! x4
Really quaff
k - 2 potions of heal wounds {!q}?
You feel much better.
The deep elf master archer shoots an arrow.
The arrow hits you!!!
* * * LOW HITPOINT WARNING * * *
The deep elf master archer shoots an arrow.
The arrow hits you!
* * * LOW HITPOINT WARNING * * *
Really read
h - 9 scrolls of blinking {!r}?
Blink to where?
Press: ? - help, Dir - move target cursor You are very lightly contaminated with residual magic.
As you read the scroll of blinking {!r}, it crumbles to dust.
There is an open door here.
There is an open door, spattered with blood here.
Things that are here:
a short sword; a rapier
There is an open door here.
There is an open door, spattered with blood here.
Things that are here:
a long sword; a short sword; a ring mail
There is an open door here.
You close the door.
You start resting.
You feel like a meek peon again.
You start resting.
A deep elf master archer opens the door.
It is wielding a longbow.
You close the door.
A deep elf master archer opens the door.
As you close the door, it creaks loudly!
You start resting.
A deep elf master archer opens the door.
It is wielding a longbow.
You close the door.
A deep elf master archer opens the door.
You close the door.
A deep elf master archer opens the door.
You close the door.
A deep elf master archer opens the door.
The deep elf master archer shoots an arrow.
The arrow hits you!!
You die...

#.....# ##.....## #..♣♣♣..# ##..♣
♣..## #..♣♣ ♣♣..# ##..♣ ♣..##
#..♣♣♣e.# ### #### ##).....'##
#.# ### #..#####.#...).#@####.##
##.. #....##'####'####.##...#
##... #......### #.#
##'#...######.... #........###.#
##.....'...'.... )...P......#.#
##.....#####...( #........###.#
#.......# ##... #.....)'## #.#
##.......## ##). #.....##.###.#
#.........# ##)#'
#..##'###.##+####..^......###.##.


You could see a deep elf master archer.

Vanquished Creatures
  A caustic shrike (Depths:2)
  A golden dragon (Depths:2)
  A lich (Depths:2)
  A deep elf blademaster (Elf:3)
  A deep elf master archer (Elf:3)
  3 frost giants
  3 fire giants
  4 deep elf sorcerers
  A deep elf elementalist (Elf:3)
  A spriggan defender (Depths:2)
  8 stone giants
  2 vampire knights
  Nessos (D:13)
  The ghost of Galewind the Imperceptible, a journeyman SpEn of Gozag (Elf:1)
  5 deep elf demonologists
  5 deep elf annihilators
  2 fire dragons
  3 ettins
  4 deep elf high priests
  2 rakshasas
  A great orb of eyes (Depths:1)
  3 merfolk impalers
  3 ice dragons
  4 hydras
  A catoblepas (D:14)
  Erica (D:10)
  An ogre mage (Depths:1)
  A death knight (D:14)
  8 centaur warriors
  5 tengu warriors
  11 dancing weapons
  13 two-headed ogres
  2 deep troll shamans
  6 hell knights (Depths:2)
  A deep troll earth mage (Depths:1)
  Urug (Orc:1)
  10 deep elf knights
  2 skeletal warriors (D:14)
  2 iron trolls
  A fire crab (shapeshifter) (Depths:2)
  3 wizards
  A glowing orange brain (Depths:1)
  A flayed ghost (Depths:1)
  Pikel (D:6)
  9 orc knights
  18 deep elf archers
  A wolf spider zombie (D:15)
  An orc sorcerer (Elf:1)
  A necromancer (Depths:2)
  A wolf spider (D:13)
  52 deep elf magi
  19 ugly things
  2 cyclopes
  A manticore (D:13)
  A black mamba (shapeshifter) (D:15)
  A gargoyle (D:14)
  5 large abominations (D:10)
  7 yaktaurs
  3 efreet
  A kobold demonologist (D:13)
  A freezing wraith (D:14)
  4 tengu conjurers
  A merfolk (shapeshifter) (D:15)
  5 trolls
  Prince Ribbit (D:7)
  3 meliai (D:15)
  9 slime creatures
  Sigmund (D:4)
  7 hippogriffs
  A spriggan (D:7)
  3 shadows
  4 air elementals
  7 water elementals
  13 yaks
  7 small abominations
  2 wraiths
  4 wyverns
  3 basilisks (D:11)
  16 humans
  A golden eye (shapeshifter) (D:15)
  6 vampire mosquitoes
  Menkaure (D:7)
  3 fire elementals
  A warg (Orc:1)
  A swamp worm (shapeshifter) (D:15)
  A soldier ant (D:12)
  An acid dragon (D:11)
  3 porcupines (D:11)
  36 orc warriors
  7 ice beasts
  2 sky beasts
  Purgy (Sewer)
  3 black bears
  4 necrophages
  A sky beast (shapeshifter) (Depths:2)
  3 slaves
  2 boggarts (D:15)
  11 ogres
  5 phantoms
  27 centaurs
  2 crocodiles (D:11)
  2 eyes of draining
  2 big kobolds
  9 bullfrogs
  A gnoll sergeant (D:9)
  6 earth elementals
  A wyvern skeleton (D:11)
  A scorpion (shapeshifter) (D:15)
  6 scorpions
  6 killer bees
  14 wights
  8 howler monkeys
  2 electric eels (D:11)
  8 crimson imps
  A centaur zombie (D:5)
  7 jellies
  11 hounds
  13 orc priests
  3 bullfrog skeletons
  9 iguanas
  14 orc wizards
  7 worker ants
  A killer bee zombie (D:4)
  A hound zombie (D:7)
  A hound skeleton (D:6)
  Robin (D:3)
  7 gnolls
  A howler monkey skeleton (D:11)
  17 adders
  4 shadow imps
  An ooze (D:1)
  2 worms (D:2)
  A dart slug (D:2)
  8 leopard geckos
  76 orcs
  6 giant cockroaches
  10 goblins
  16 hobgoblins
  3 jackals (D:3)
  14 kobolds
  6 quokkas
  3 bats
  9 frilled lizards
  A jackal zombie (D:5)
  10 rats
800 creatures vanquished.

Vanquished Creatures (others)
  A deep elf knight (Elf:1)
  2 deep elf magi (Elf:3)
  A slave (D:7)
  2 boggarts (D:15)
  4 orcs (Elf:1)
  2 bushes (D:11)
  5 fungi (D:11)
  15 plants (D:11)
32 creatures vanquished.

Grand Total: 832 creatures vanquished

Notes
Turn   | Place    | Note
-------+----------+-------------------------------------------
     0 | D:1      | Amnesiac the Spriggan Fighter began the quest for the Orb.
     0 | D:1      | Reached XP level 1. HP: 11/11 MP: 2/2
   254 | D:2      | Found a snail-covered altar of Cheibriados.
   397 | D:3      | Reached XP level 2. HP: 16/16 MP: 3/3
   424 | D:3      | Noticed Robin
  1147 | D:2      | Reached XP level 3. HP: 13/19 MP: 4/4
  1359 | D:3      | Killed Robin
  1601 | D:4      | Found a white marble altar of Elyvilon.
  1675 | D:4      | Found a glowing drain.
  1744 | D:4      | Reached XP level 4. HP: 16/23 MP: 5/5
  1839 | D:4      | Noticed Sigmund
  1922 | Sewer    | Entered a sewer
  2112 | Sewer    | Noticed Purgy
  2137 | Sewer    | Killed Purgy
  2137 | Sewer    | Reached XP level 5. HP: 16/27 MP: 6/6
  2734 | D:4      | Found a staircase to the Ecumenical Temple.
  2741 | Temple   | Entered the Ecumenical Temple
  2777 | Temple   | Became a worshipper of Warmaster Okawaru
  2926 | D:3      | Reached XP level 6. HP: 15/32 MP: 7/7
  4229 | D:3      | Reached skill level 5 in Long Blades
  4664 | D:2      | Found a hide-covered altar of Uskayaw.
  4869 | D:3      | Reached skill level 5 in Dodging
  5455 | D:4      | Found Vasi's Weapon Shop.
  5472 | D:4      | Bought a +0 blowgun for 30 gold pieces
  5544 | D:4      | Killed Sigmund
  5544 | D:4      | Reached skill level 1 in Invocations
  5544 | D:4      | Reached XP level 7. HP: 21/36 MP: 6/8
  5840 | D:4      | Reached * piety under Okawaru
  5963 | D:4      | Found a bloodstained altar of Trog.
  6223 | D:5      | Entered Level 5 of the Dungeon
  6646 | D:5      | Found Zitec's Antique Armour Emporium.
  6668 | D:5      | Bought a thick robe for 131 gold pieces
  6736 | D:5      | Identified the cursed +1 robe "Qoesuciz" {MR+ Int-3 Dex+5} (You bought it in a shop on level 5 of the Dungeon)
  6858 | D:5      | Found an ornate altar of the Wu Jian Council.
  6859 | D:5      | Found an opulent altar of Gozag.
  7034 | D:5      | Reached skill level 6 in Dodging
  7467 | D:6      | Found a glowing silver altar of Zin.
  7467 | D:6      | Noticed an angel
  7560 | D:5      | Reached XP level 8. HP: 34/40 MP: 10/10
  7603 | D:6      | Reached ** piety under Okawaru
  7844 | D:6      | Found a blossoming altar of Fedhas.
  7844 | D:6      | Found a hide-covered altar of Uskayaw.
  7897 | D:6      | Found a shadowy altar of Dithmenos.
  8329 | D:7      | Reached skill level 7 in Dodging
  8641 | D:7      | Noticed Pikel
  8747 | D:6      | Killed Pikel
  8747 | D:6      | Reached *** piety under Okawaru
  8747 | D:6      | Reached XP level 9. HP: 11/46 MP: 4/12
  9249 | D:7      | Found a radiant altar of Vehumet.
  9535 | D:7      | Noticed Menkaure
  9572 | D:7      | Killed Menkaure
  9625 | D:7      | Reached skill level 8 in Dodging
 10206 | D:7      | Noticed Prince Ribbit
 10220 | D:7      | Killed Prince Ribbit
 10220 | D:7      | Reached **** piety under Okawaru
 10602 | D:8      | Reached skill level 5 in Fighting
 10764 | D:8      | Found Vewumme's Book Shoppe.
 10829 | D:8      | Learned a level 1 spell: Confusing Touch
 10833 | D:8      | Learned a level 3 spell: Confuse
 10897 | D:8      | Reached skill level 9 in Dodging
 11003 | D:8      | Noticed Maurice
 11013 | D:8      | Reached skill level 5 in Invocations
 11014 | D:8      | Noticed Maurice
 11014 | D:8      | Maurice changed into Maurice the big kobold
 11033 | D:8      | Killed Maurice the big kobold
 11033 | D:8      | Reached XP level 10. HP: 36/51 MP: 11/14
 11037 | D:8      | Noticed a two-headed ogre
 11110 | D:8      | Killed a two-headed ogre
 11110 | D:8      | Reached skill level 5 in Shields
 11340 | D:8      | Reached ***** piety under Okawaru
 12466 | D:9      | Reached skill level 10 in Dodging
 13033 | D:9      | Received a gift from Okawaru
 13376 | D:10     | Entered Level 10 of the Dungeon
 13432 | D:10     | Identified a scroll of acquirement {!r}
 13461 | D:10     | Found a staircase to the Orcish Mines.
 13486 | D:10     | Noticed a two-headed ogre
 13491 | D:10     | Got an ancient bone ring
 13493 | D:10     | Identified the ring "Jareukhlu" {MR+ Str+2} (You acquired it on level 10 of the Dungeon)
 13516 | D:10     | Killed a two-headed ogre
 13720 | D:10     | Reached skill level 11 in Dodging
 13754 | D:10     | Noticed a two-headed ogre
 13778 | D:10     | Noticed Amnesiac's ghost (novice SpFi)
 14243 | D:10     | Reached XP level 11. HP: 43/58 MP: 10/17
 14393 | D:10     | Noticed a wizard
 14400 | D:10     | Killed a wizard
 14404 | D:10     | Noticed a large abomination
 14564 | D:10     | Killed a large abomination
 14696 | D:10     | Killed a two-headed ogre
 15106 | D:11     | Received a gift from Okawaru
 15260 | D:11     | Noticed a two-headed ogre
 15275 | D:11     | Noticed a purple ugly thing
 15276 | D:11     | Killed a two-headed ogre
 15276 | D:11     | Reached skill level 12 in Dodging
 15498 | Orc:1    | Entered Level 1 of the Orcish Mines
 15498 | Orc:1    | Noticed Erica
 15507 | D:10     | Killed Erica
 15583 | Orc:1    | Found Teicomniaw's Distillery.
 15615 | Orc:1    | Found Benlay's Food Boutique.
 15728 | Orc:1    | Found Relomp's Antique Armour Emporium.
 15815 | Orc:1    | Noticed Urug
 15840 | Orc:1    | Killed Urug
 15943 | Orc:2    | Entered Level 2 of the Orcish Mines
 15949 | Orc:2    | Noticed an orc knight
 16064 | Orc:1    | Killed an orc knight
 16064 | Orc:1    | Reached ****** piety under Okawaru
 16064 | Orc:1    | Received a gift from Okawaru
 16067 | Orc:1    | Got an ancient buckler {god gift}
 16078 | Orc:1    | Identified the +0 buckler of the Leaf {+Blink rC+ Stlth+} (Okawaru gifted it to you on level 1 of the Orcish Mines)
 16251 | Orc:2    | Reached skill level 1 in Evocations
 16259 | Orc:2    | Noticed an orc knight
 16435 | Orc:1    | Killed an orc knight
 16435 | Orc:1    | Reached skill level 13 in Dodging
 16435 | Orc:1    | Reached XP level 12. HP: 64/64 MP: 19/19
 16693 | Orc:2    | Noticed a centaur warrior
 16728 | Orc:2    | Killed a centaur warrior
 16977 | Orc:2    | Reached skill level 5 in Evocations
 17151 | Orc:2    | Found a burning altar of Makhleb.
 17203 | Orc:2    | Reached skill level 14 in Dodging
 17443 | Orc:2    | Found a staircase to the Elven Halls.
 17611 | Orc:2    | Found Erosy's Magic Scroll Shop.
 17611 | Orc:2    | Found Wesiholu's Antique Armour Emporium.
 17613 | Orc:2    | Found Yxu Sux's Distillery.
 17615 | Orc:2    | Found Vaomp's Armour Boutique.
 17784 | D:11     | Noticed a six-headed hydra
 17938 | D:11     | Killed a one-headed hydra
 18184 | D:11     | Found a staircase to the Lair.
 18207 | D:11     | Received a gift from Okawaru
 18208 | D:11     | Got a transparent war axe {god gift}
 18695 | D:12     | Reached skill level 15 in Dodging
 18788 | D:12     | Noticed a two-headed ogre
 18807 | D:12     | Killed a two-headed ogre
 18807 | D:12     | Reached XP level 13. HP: 65/70 MP: 18/20
 18839 | D:12     | Found Mualoc's Distillery.
 19038 | D:12     | Received a gift from Okawaru
 19714 | D:13     | Found a gate to the Vaults.
 19714 | D:13     | Noticed Nessos
 19751 | D:12     | Reached skill level 10 in Fighting
 19844 | D:13     | Reached skill level 16 in Dodging
 19916 | D:13     | Killed Nessos
 19917 | D:13     | Received a gift from Okawaru
 20326 | D:13     | Reached skill level 17 in Dodging
 21020 | D:14     | Found an opulent altar of Gozag.
 21289 | D:14     | Reached XP level 14. HP: 65/79 MP: 21/21
 21340 | D:14     | Reached skill level 18 in Dodging
 21349 | D:14     | Received a gift from Okawaru
 21982 | D:15     | Entered Level 15 of the Dungeon
 22588 | D:15     | Reached skill level 19 in Dodging
 22728 | D:15     | Found Zicyhoos's Armour Boutique.
 22952 | D:8      | Bought a manual of Long Blades for 1435 gold pieces
 23281 | D:15     | Found a staircase to the Depths.
 23687 | Depths:1 | Entered Level 1 of the Depths
 23689 | Depths:1 | Noticed a stone giant
 23708 | Depths:1 | Killed a stone giant
 23772 | Depths:1 | Reached skill level 10 in Long Blades
 23824 | Depths:1 | Noticed a stone giant
 23872 | Depths:1 | Killed a stone giant
 23889 | Depths:1 | Noticed a stone giant
 24016 | Depths:1 | Killed a stone giant
 24016 | Depths:1 | Received a gift from Okawaru
 24018 | Depths:1 | Noticed a green very ugly thing
 24018 | Depths:1 | Noticed a green very ugly thing
 24018 | Depths:1 | Noticed a green very ugly thing
 24018 | Depths:1 | Noticed a stone giant
 24024 | Depths:1 | Got an opalescent robe {god gift}
 24035 | Depths:1 | Identified the +2 robe of Mafeabb {rF++} (Okawaru gifted it to you on level 1 of the Depths)
 24143 | Depths:1 | Noticed a stone giant
 24166 | Depths:1 | Killed a stone giant
 24420 | Depths:1 | Noticed a frost giant
 24443 | Depths:1 | Killed a frost giant
 24488 | Depths:1 | Paralysed by a great orb of eyes for 3 turns
 24551 | Depths:1 | Noticed a fire giant
 24562 | Depths:1 | Reached XP level 15. HP: 62/84 MP: 11/22
 24571 | Depths:1 | Killed a fire giant
 25074 | Depths:1 | Found a gateway to Hell.
 25729 | Depths:1 | Received a gift from Okawaru
 26349 | Depths:1 | Found an ornate altar of the Wu Jian Council.
 27193 | Depths:2 | Noticed Mara
 27410 | Depths:2 | Noticed a golden dragon
 27701 | Depths:2 | Received a gift from Okawaru
 28053 | Depths:2 | Killed a golden dragon
 28075 | Depths:2 | Noticed a lich
 28079 | Depths:2 | Noticed a fire giant
 28086 | Depths:2 | Killed a lich
 28106 | Depths:2 | Noticed a fire giant
 28112 | Depths:2 | Killed a fire giant
 28130 | Depths:2 | Noticed Amnesiac's illusion
 28146 | Depths:3 | Noticed Boris
 28146 | Depths:3 | Noticed a frost giant
 28331 | Depths:2 | Killed a fire giant
 28331 | Depths:2 | Reached skill level 20 in Dodging
 28579 | Depths:2 | Received a gift from Okawaru
 28881 | Depths:2 | Noticed a frost giant
 28899 | Depths:2 | Killed a frost giant
 29110 | Depths:2 | Reached XP level 16. HP: 78/91 MP: 19/23
 29347 | Depths:2 | Noticed Amnesiac's illusion
 29978 | Depths:3 | Noticed a caustic shrike
 29980 | Depths:3 | Noticed a lich
 29992 | Depths:3 | Noticed a lich
 30021 | Depths:2 | Killed a caustic shrike
 30623 | D:15     | Reached skill level 1 in Armour
 30761 | Elf:1    | Entered Level 1 of the Elven Halls
 30842 | Orc:2    | Received a gift from Okawaru
 30855 | Orc:2    | Gained mutation: Your body sometimes deteriorates upon taking damage. [potion of mutation]
 30855 | Orc:2    | Gained mutation: You are robust. (+10% HP) [potion of mutation]
 31749 | Elf:1    | Reached skill level 5 in Armour
 32167 | Elf:1    | Received a gift from Okawaru
 32180 | Elf:1    | Noticed Galewind's ghost (journeyman SpEn)
 32243 | Elf:1    | Noticed an Ice Fiend
 32311 | Elf:1    | Killed Galewind's ghost
 33546 | Elf:1    | Noticed an Executioner
 33555 | Elf:1    | Received a gift from Okawaru
 33829 | Elf:2    | Found Omalefic's Magic Scroll Emporium.
 33837 | Elf:2    | Bought a scroll of enchant weapon for 105 gold pieces
 33837 | Elf:2    | Bought a scroll of enchant armour for 105 gold pieces
 33837 | Elf:2    | Bought a scroll of blinking for 105 gold pieces
 33837 | Elf:2    | Bought a scroll of teleportation for 42 gold pieces
 33837 | Elf:2    | Bought a scroll of teleportation for 42 gold pieces
 33837 | Elf:2    | Bought a scroll of teleportation for 42 gold pieces
 33837 | Elf:2    | Bought a scroll of magic mapping for 49 gold pieces
 33837 | Elf:2    | Bought a scroll of magic mapping for 49 gold pieces
 34009 | Orc:2    | Bought a potion of heal wounds for 80 gold pieces
 34009 | Orc:2    | Bought a potion of heal wounds for 80 gold pieces
 34009 | Orc:2    | Bought a potion of heal wounds for 80 gold pieces
 34062 | Orc:1    | Bought a potion of heal wounds for 70 gold pieces
 34169 | D:12     | Bought a potion of heal wounds for 80 gold pieces
 34169 | D:12     | Bought a potion of heal wounds for 80 gold pieces
 34169 | D:12     | Bought a potion of curing for 48 gold pieces
 34169 | D:12     | Bought a potion of agility for 64 gold pieces
 34169 | D:12     | Bought a potion of might for 64 gold pieces
 34380 | Elf:2    | Reached XP level 17. HP: 80/104 MP: 20/24
 34423 | Elf:2    | Found Losiud's General Store.
 34819 | Elf:2    | Found Ysucsac's General Store.
 34975 | Elf:2    | Lost mutation: Your body sometimes deteriorates upon taking damage. [potion of mutation]
 34975 | Elf:2    | Lost mutation: You are robust. (+10% HP) [potion of mutation]
 34975 | Elf:2    | Gained mutation: You do not regenerate when monsters are visible. [potion of mutation]
 34975 | Elf:2    | Gained mutation: You evolve. [potion of mutation]
 35000 | Elf:2    | Gained mutation: You possess an exceptional clarity of mind. [evolution]
 35000 | Elf:2    | Lost mutation: You evolve. [end of evolution]
 35182 | Elf:2    | Found Laras's Antique Weapon Boutique.
 35262 | Elf:2    | Found a runed gate.
 35262 | Elf:2    | Found a runed gate.
 35263 | Elf:2    | Found a runed gate.
 35558 | Elf:2    | Found Sagic Sym's Gadget Boutique.
 35807 | Elf:2    | Reached skill level 21 in Dodging
 35969 | Elf:3    | Entered Level 3 of the Elven Halls
 35981 | Elf:3    | Noticed Roxanne
 37559 | Elf:3    | Noticed a deep elf master archer
 37588 | Elf:3    | Killed a deep elf master archer
 37703 | Elf:3    | Received a gift from Okawaru
 37704 | Elf:3    | Got a blackened long sword {god gift}
 37705 | Elf:3    | Noticed a deep elf blademaster
 37705 | Elf:3    | Identified the +3 long sword of Tomorrow {freeze, Stlth+} (Okawaru gifted it to you on level 3 of the Elven Halls)
 37734 | Elf:3    | Killed a deep elf blademaster
 38035 | Elf:3    | Noticed a deep elf master archer
 38053 | Elf:3    | Noticed an Ice Fiend
 38065 | Elf:3    | HP: 2/96 [deep elf master archer/arrow (16)]
 38112 | Elf:3    | Shot with an arrow by a deep elf master archer

Vault maps used:
D:1:      matt_arrival_grand_opening
D:2:      lemuel_upstairs_altar, kennysheep_nondescript, kennysheep_cross_room,
          cheibriados_altar_1
D:3:      uniq_robin
D:4:      kennysheep_mini, nicolae_overflow_hidden_temple,
          minmay_temple_entry_overgrown, serial_shops, nicolae_shop_waterfront,
          gup_sewer_entry_glass, feat_on_display, uniq_sigmund
D:5:      gammafunk_temple_overflow_pools, serial_glass, glass_columns_a,
          glass_columns_a, glass_columns_a, glass_columns_b, serial_shops,
          nicolae_shop_overgrown_old_shop, first_ration
D:6:      lemuel_coloured_pillars_altar, zin_angel,
          gammafunk_temple_overflow_elements
D:7:      vehumet_altar_wand_db, the_bakery, uniq_menkaure, uniq_pikel,
          uniq_prince_ribbit1
D:8:      serial_shops, nicolae_shop_stone, minivault_26, uniq_maurice
D:9:      amethyst_killhole
D:10:     orc_0_dummy, laboratory
D:11:     minmay_lair_entry_grove
D:12:     serial_shops, nicolae_shop_trees, minmay_bent
D:13:     minmay_cut_squares, david_vaults_3
D:14:     lemuel_crystal_altar
D:15:     gammafunk_enter_depths_forms, serial_shops, shop_coins,
          minmay_misc_feat_doors
Temple:   minmay_temple_bridge_abc
Orc:1:    serial_shops, shop, nicolae_shop_trees, shop, uniq_erica, uniq_urug
Orc:2:    st_orc_rangers, basic_altar
Elf:1:    minmay_elf_arrival_plus, orc_legates
Elf:2:    serial_shops, nicolae_shop_statue_plus, shop, nicolae_shop_stone,
          nicolae_shop_behind_doors, shop
Elf:3:    grunt_elf_hall_asides, uniq_roxanne
Depths:1: hell_entry, lemuel_crystal_altar, hangedman_decor_slide_cut,
          kennysheep_generic_room_10
Depths:2: minmay_octo_star, hangedman_decor_push, hell_entry, st_stairs_5,
          uniq_mara
Depths:3: hangedman_arrow_trap, grunt_pan_entry_spiral,
          nicolae_trove_entry_path_of_doom, hell_entry, uniq_boris, uniq_jorgrun
Sewer:    kennysheep_door_sewer

Skill      XL: |  1  2  3  4  5  6  7  8  9 10 11 12 13 14 15 16 17 |
---------------+----------------------------------------------------+-----
Long Blades    | 2 3 4 5 6 7 8 12 14 | 14.0
Dodging        | 5 6 7 9 11 13 15 17 19 20 21 | 21.6
Fighting       | 3 4 5 6 7 9 11 12 13 | 13.9
Invocations    | 1 2 3 5 6 8 |  8.0
Shields        | 3 4 5 7 |  7.2
Evocations     | 1 8 |  8.0
Armour         | 8 9 |  9.8

Action                   |  1- 3 |  4- 6 |  7- 9 | 10-12 | 13-15 | 16-18 || total
-------------------------+-------+-------+-------+-------+-------+-------++-------
Melee: Long sword        |   106 |   200 |   524 |   598 |       |       ||  1428
       Dagger            |       |       |       |    49 |       |       ||    49
       Demon blade       |       |       |       |   639 |  1577 |  1253 ||  3469
       Scimitar          |       |       |       |    10 |    72 |       ||    82
 Fire: Blowgun           |       |     5 |    42 |    56 |     2 |       ||   105
Throw: Throwing net      |       |       |       |       |       |     5 ||     5
Invok: Heroism           |       |       |       |     5 |    18 |    13 ||    36
       Finesse           |       |       |       |     1 |    14 |    11 ||    26
Evoke: Wand              |       |       |    25 |     4 |     2 |    20 ||    51
       Lightning rod     |       |       |       |       |       |     4 ||     4
  Use: Scroll            |     1 |       |    12 |     4 |    12 |     3 ||    32
       Potion            |       |     5 |     2 |       |     8 |    10 ||    25
 Stab: Sleeping          |     1 |     3 |     4 |     4 |     1 |       ||    13
       Distracted        |       |       |     1 |       |     2 |       ||     3
       Paralysed         |       |       |       |     3 |     7 |    22 ||    32
       Held in net/web   |       |       |       |       |       |     2 ||     2
  Eat: Ration            |       |     1 |     4 |     6 |     7 |     6 ||    24
Armor: Robe              |     9 |     5 |    23 |     8 |       |       ||    45
       Skin              |       |    21 |       |       |       |       ||    21
       Troll leather arm |       |       |       |    60 |    48 |       ||   108
       Ice dragon scales |       |       |       |       |    34 |   103 ||   137
       Fire dragon scale |       |       |       |       |       |     9 ||     9
Dodge: Dodged            |    95 |   162 |   405 |  1080 |  1286 |   531 ||  3559
       Deflected         |       |       |       |       |     6 |       ||     6
Block: Buckler           |    33 |    64 |   193 |   444 |   472 |   210 ||  1416
       Reflection        |       |       |       |       |       |     3 ||     3
       Rpst.: Long sword |    31 |    43 |   119 |   132 |       |       ||   325
       Demon blade       |       |       |       |   141 |   280 |   123 ||   544
       Scimitar          |       |       |       |       |    21 |       ||    21

Table legend:
 A = Spawn XP
 B = Non-spawn XP
 C = Spawn XP percentage of total XP
 D = Spawn monster count
 E = Non-spawn monster count
 F = Spawn count percentage of total count
 G = Total turns spent on level
                    A         B        C        D         E        F      G
               +---------+---------+-------+---------+---------+-------+---------
         Total |       0 |  264529 |   0.0 |       0 |     800 |   0.0 | 38112
               +---------+---------+-------+---------+---------+-------+---------
           D:1 |       0 |      18 |   0.0 |       0 |       8 |   0.0 |   617
           D:2 |       0 |      51 |   0.0 |       0 |      26 |   0.0 |  1831
           D:3 |       0 |     167 |   0.0 |       0 |      40 |   0.0 |  1429
           D:4 |       0 |     604 |   0.0 |       0 |      20 |   0.0 |  1884
           D:5 |       0 |     414 |   0.0 |       0 |      19 |   0.0 |  1092
           D:6 |       0 |    1102 |   0.0 |       0 |      19 |   0.0 |  1037
           D:7 |       0 |    1902 |   0.0 |       0 |      21 |   0.0 |  2034
           D:8 |       0 |    2736 |   0.0 |       0 |      31 |   0.0 |  1778
           D:9 |       0 |    1549 |   0.0 |       0 |      29 |   0.0 |  1392
          D:10 |       0 |    8107 |   0.0 |       0 |      41 |   0.0 |  1976
          D:11 |       0 |    7628 |   0.0 |       0 |      53 |   0.0 |  1140
          D:12 |       0 |    8597 |   0.0 |       0 |      46 |   0.0 |  1247
          D:13 |       0 |   13461 |   0.0 |       0 |      40 |   0.0 |   940
          D:14 |       0 |   14604 |   0.0 |       0 |      48 |   0.0 |  1535
          D:15 |       0 |   20158 |   0.0 |       0 |      53 |   0.0 |  2396
         Orc:1 |       0 |    3523 |   0.0 |       0 |      22 |   0.0 |  1014
         Orc:2 |       0 |   11207 |   0.0 |       0 |      69 |   0.0 |  1709
         Elf:1 |       0 |   39934 |   0.0 |       0 |      61 |   0.0 |  2809
         Elf:2 |       0 |   23424 |   0.0 |       0 |      41 |   0.0 |  1709
         Elf:3 |       0 |   30120 |   0.0 |       0 |      30 |   0.0 |  2143
      Depths:1 |       0 |   31782 |   0.0 |       0 |      41 |   0.0 |  2488
      Depths:2 |       0 |   43303 |   0.0 |       0 |      36 |   0.0 |  3258
         Sewer |       0 |     138 |   0.0 |       0 |       6 |   0.0 |   538
               +---------+---------+-------+---------+---------+-------+---------
